Lightning vs Canucks

Created - March 2 2007 at 20:56

Goals
1 2 3 T
Lightning 1 0 2 3
Canucks 2 1 1 4
Shots
1 2 3 T
Lightning 9 10 8 27
Canucks 8 8 9 25

Period #1

1. Canucks , Alexei Kovalev 18 (Saku Koivu) at 1:53 (PP)
2. Canucks , Alexei Kovalev 19 (Saku Koivu, Lukas Krajicek) at 11:45
3. Lightning , Ruslan Fedotenko 18 (Brad Richards, Mike Modano) at 18:55 (PP)

Penalities :
Mike Modano (TBL) for Roughing (Minor) at 1:45, Sami Salo (VAN) for Clipping (Minor) at 4:22, Mattias Ohlund (VAN) for Delaying the game (Minor) at 13:10, Vincent Lecavalier (TBL) for Elbowing (Minor) at 13:37, Matt Cooke (VAN) for Diving (Minor) at 18:25

Period #2

4. Canucks , Jan Bulis 10 (Mattias Ohlund, Saku Koivu) at 13:20

Penalities :
Eric Weinrich (VAN) for Delaying the game (Minor) at 0:56, Tom Poti (TBL) for Checking from behind (Major) at 1:53, Marc Denis (TBL) for Unsportsmanlike conduct (Major) at 3:48 - Martin St-Louis served the penalty., Brendan Morrison (VAN) for Interference (Minor) at 12:07, Vaclav Prospal (TBL) for Checking from behind (Major) at 12:07, Willie Mitchell (VAN) for Roughing (Minor) at 18:08

Period #3

5. Lightning , Vincent Lecavalier 19 (Carlo Colaiacovo, Brad Richards) at 4:08
6. Lightning , Brad Richards 26 (Vincent Lecavalier, Carlo Colaiacovo) at 9:08
7. Canucks , Jan Bulis 11 (Mattias Ohlund, Alexei Kovalev) at 19:27

Penalities :
Willie Mitchell (VAN) for Boarding (Minor) at 3:22, Ed Jovanovski (TBL) for Clipping (Minor) at 3:45, Lukas Krajicek (VAN) for Interference (Minor) at 7:06

Goalie Stats

Marc Denis (TBL), 7 saves from 9 shots - (0.778), 23:48 minutes
Sean Burke (TBL), 14 saves from 16 shots - (0.875), L, 1-2-1, 36:12 minutes
Vesa Toskala (VAN), 24 saves from 27 shots - (0.889), W, 11-18-3, 60:00 minutes

Players Stats

Lightning
Player Name              G  A  P  +/- PIM S  H  SB FO MP 
-----------------------------------------------------------
Brad Richards            1  2  3  -1  0   3  0  0  1  22 
Carlo Colaiacovo         0  2  2   1  0   0  0  2  0  20 
Dmitry Afanasenkov       0  0  0   0  0   2  0  0  0  13 
Ed Jovanovski            0  0  0  -2  2   1  1  3  0  20 
Eric Daze                0  0  0  -1  0   2  0  0  2  16 
Evgeny Artyukhin         0  0  0   0  0   0  0  0  0  0  
Filip Kuba               0  0  0  -1  0   0  0  1  0  23 
Martin Cibak             0  0  0   1  0   0  0  0  1  5  
Martin St-Louis          0  0  0   1  0   3  1  1  1  19 
Mats Sundin              0  0  0  -1  0   3  0  1  16 12 
Mike Modano              0  1  1  -1  2   2  0  0  23 20 
Nolan Pratt              0  0  0   0  0   1  0  0  0  17 
Rob DiMaio               0  0  0   0  0   0  0  0  3  3  
Ruslan Fedotenko         1  0  1  -1  0   2  1  0  1  20 
Tom Poti                 0  0  0   0  5   0  0  2  0  22 
Vaclav Prospal           0  0  0   0  5   1  0  0  8  23 
Vincent Lecavalier       1  1  2   0  2   6  2  0  28 21 
Wade Redden              0  0  0   0  0   1  0  0  0  22 
Canucks
Player Name              G  A  P  +/- PIM S  H  SB FO MP 
-----------------------------------------------------------
Alexei Kovalev           2  1  3   2  0   5  0  0  11 20 
Anson Carter             0  0  0   0  0   2  0  0  1  17 
Brendan Morrison         0  0  0  -1  2   1  1  1  34 23 
Bryan Smolinski          0  0  0  -1  0   4  1  1  11 19 
Eric Weinrich            0  0  0   0  2   0  0  2  0  20 
Jan Bulis                2  0  2   3  0   4  1  0  0  14 
Lukas Krajicek           0  1  1   1  2   1  0  3  0  22 
Marc Chouinard           0  0  0  -1  0   0  0  0  7  11 
Mark Bell                0  0  0   0  0   2  1  0  0  17 
Matt Cooke               0  0  0   0  2   1  1  0  1  11 
Mattias Ohlund           0  2  2   3  2   0  0  0  0  23 
Nick Boynton             0  0  0  -1  0   1  1  2  0  21 
Oleg Kvasha              0  0  0   0  0   1  1  0  1  10 
Ryane Clowe              0  0  0  -1  0   0  0  0  2  10 
Saku Koivu               0  3  3   3  0   0  0  0  15 18 
Sami Salo                0  0  0  -1  2   0  1  0  0  16 
Trevor Linden            0  0  0  -1  0   2  0  0  1  10 
Willie Mitchell          0  0  0   0  4   1  0  2  0  21 

3 Stars

1 - Alexei Kovalev (VAN)
2 - Jan Bulis (VAN)
3 - Saku Koivu (VAN)

Power Play

Lightning - 1 on 7 Attempt(s) - 14.29%
Canucks - 1 on 4 Attempt(s) - 25.00%

Penalty Kill

Lightning - 3 on 4 Attempt(s) - 75.00% - Score 0 goal in Penalty Kill
Canucks - 6 on 7 Attempt(s) - 85.71% - Score 0 goal in Penalty Kill

Game Notes

Marc Denis ejected from game at 3:48 of 2nd period
Sean Burke enters game at 3:48 of 2nd period
Marc Denis from Lightning is suspended for 1 game(s)

Finance

Level 1 -- Attendance: 4907 (75.50%) -- Ticket Income $368,025.00
Level 2 -- Attendance: 3131 (56.92%) -- Ticket Income $203,515.00
Level 3 -- Attendance: 983 (45.86%) -- Ticket Income $49,150.00
Level 4 -- Attendance: 2075 (51.88%) -- Ticket Income $51,875.00
Luxury Box -- Attendance: 485 (48.49%) -- Ticket Income $121,250.00
Game was played at the General Motors Place
Total Attendance: 11581 (60.50%)
Total Ticket Income: $855,510.40
Other Income: $38,510.00
Total Income: $894,020.00


Play by Play

Period #1

0:01 of 1st period - Saku Koivu wins face-off versus Vincent Lecavalier in neutral zone.
0:11 of 1st period - Vincent Lecavalier is hit by Jan Bulis and loses puck.
0:58 of 1st period - Icing by Nick Boynton.
0:59 of 1st period - Mats Sundin wins face-off versus Brendan Morrison in Canucks zone.
1:28 of 1st period - Shot by Mats Sundin.
1:28 of 1st period - Stopped by Vesa Toskala without a rebound.
1:29 of 1st period - Bryan Smolinski wins face-off versus Mike Modano in Canucks zone.
1:45 of 1st period - Minor Penalty to Mike Modano for Roughing.
1:46 of 1st period - Saku Koivu wins face-off versus Vaclav Prospal in Lightning zone.
1:51 of 1st period - Shot by Saku Koivu.
1:51 of 1st period - Stopped by Marc Denis without a rebound.
1:52 of 1st period - Saku Koivu wins face-off versus Vaclav Prospal in Lightning zone.
1:53 of 1st period - Shot by Alexei Kovalev.
1:53 of 1st period - Goal by Alexei Kovalev - Lightning : 0 - Canucks : 1.
1:54 of 1st period - Mike Modano wins face-off versus Marc Chouinard in neutral zone.
2:17 of 1st period - Shot by Dmitry Afanasenkov.
2:17 of 1st period - Stopped by Vesa Toskala with a rebound.
2:22 of 1st period - Shot by Trevor Linden.
2:22 of 1st period - Shot Misses the Net.
2:23 of 1st period - Shot by Trevor Linden.
2:23 of 1st period - Stopped by Marc Denis without a rebound.
2:24 of 1st period - Vincent Lecavalier wins face-off versus Brendan Morrison in Lightning zone.
2:48 of 1st period - Martin St-Louis is hit by Mark Bell and loses puck.
2:50 of 1st period - Shot by Vaclav Prospal.
2:50 of 1st period - Shot Blocked by Willie Mitchell.
3:47 of 1st period - Shot by Brad Richards.
3:47 of 1st period - Shot Misses the Net.
3:49 of 1st period - Icing by Eric Weinrich.
3:50 of 1st period - Bryan Smolinski wins face-off versus Mike Modano in Canucks zone.
4:10 of 1st period - Eric Daze is hit by Bryan Smolinski and loses puck.
4:22 of 1st period - Shot by Mike Modano.
4:22 of 1st period - Shot Misses the Net.
4:22 of 1st period - Minor Penalty to Sami Salo for Clipping.
4:23 of 1st period - Alexei Kovalev wins face-off versus Mike Modano in Canucks zone.
5:11 of 1st period - Icing by Wade Redden.
5:12 of 1st period - Vincent Lecavalier wins face-off versus Brendan Morrison in Lightning zone.
5:19 of 1st period - Shot by Eric Daze.
5:19 of 1st period - Shot Misses the Net.
5:20 of 1st period - Shot by Wade Redden.
5:20 of 1st period - Shot Hit the Post.
5:23 of 1st period - Shot by Vincent Lecavalier.
5:23 of 1st period - Shot Blocked by Nick Boynton.
5:28 of 1st period - Shot by Vincent Lecavalier.
5:28 of 1st period - Stopped by Vesa Toskala without a rebound.
5:29 of 1st period - Mike Modano wins face-off versus Brendan Morrison in Canucks zone.
5:46 of 1st period - Shot by Tom Poti.
5:46 of 1st period - Shot Blocked by Nick Boynton.
6:14 of 1st period - Icing by Filip Kuba.
6:15 of 1st period - Vincent Lecavalier wins face-off versus Brendan Morrison in Lightning zone.
6:44 of 1st period - Shot by Brad Richards.
6:44 of 1st period - Shot Misses the Net.
6:49 of 1st period - Shot by Martin St-Louis.
6:49 of 1st period - Shot Misses the Net.
7:14 of 1st period - Shot by Mike Modano.
7:14 of 1st period - Stopped by Vesa Toskala without a rebound.
7:15 of 1st period - Vincent Lecavalier wins face-off versus Brendan Morrison in Canucks zone.
7:41 of 1st period - Icing by Carlo Colaiacovo.
7:42 of 1st period - Bryan Smolinski wins face-off versus Vincent Lecavalier in Lightning zone.
9:31 of 1st period - Shot by Mats Sundin.
9:31 of 1st period - Stopped by Vesa Toskala without a rebound.
9:32 of 1st period - Brendan Morrison wins face-off versus Mats Sundin in Canucks zone.
9:37 of 1st period - Shot by Anson Carter.
9:37 of 1st period - Stopped by Marc Denis without a rebound.
9:38 of 1st period - Mats Sundin wins face-off versus Marc Chouinard in Lightning zone.
9:48 of 1st period - Icing by Marc Chouinard.
9:49 of 1st period - Vincent Lecavalier wins face-off versus Ryane Clowe in Canucks zone.
10:10 of 1st period - Shot by Marc Chouinard.
10:10 of 1st period - Shot Misses the Net.
10:14 of 1st period - Icing by Wade Redden.
10:15 of 1st period - Vincent Lecavalier wins face-off versus Bryan Smolinski in Lightning zone.
10:46 of 1st period - Shot by Matt Cooke.
10:46 of 1st period - Stopped by Marc Denis without a rebound.
10:47 of 1st period - Mats Sundin wins face-off versus Anson Carter in Lightning zone.
11:10 of 1st period - Shot by Mark Bell.
11:10 of 1st period - Shot Blocked by Mats Sundin.
11:16 of 1st period - Off-side.
11:17 of 1st period - Mike Modano wins face-off versus Saku Koivu in neutral zone.
11:24 of 1st period - Shot by Dmitry Afanasenkov.
11:24 of 1st period - Stopped by Vesa Toskala with a rebound.
11:45 of 1st period - Shot by Alexei Kovalev.
11:45 of 1st period - Goal by Alexei Kovalev - Lightning : 0 - Canucks : 2.
11:46 of 1st period - Vincent Lecavalier wins face-off versus Bryan Smolinski in neutral zone.
12:13 of 1st period - Shot by Vincent Lecavalier.
12:13 of 1st period - Shot Misses the Net.
12:14 of 1st period - Shot by Wade Redden.
12:14 of 1st period - Stopped by Vesa Toskala without a rebound.
12:15 of 1st period - Brendan Morrison wins face-off versus Mats Sundin in Canucks zone.
12:50 of 1st period - Shot by Brendan Morrison.
12:50 of 1st period - Shot Blocked by Ed Jovanovski.
12:53 of 1st period - Shot by Brendan Morrison.
12:53 of 1st period - Shot Misses the Net.
12:54 of 1st period - Shot by Mark Bell.
12:54 of 1st period - Stopped by Marc Denis without a rebound.
12:55 of 1st period - Saku Koivu wins face-off versus Vincent Lecavalier in Lightning zone.
13:04 of 1st period - Shot by Vincent Lecavalier.
13:04 of 1st period - Shot Misses the Net.
13:07 of 1st period - Shot by Martin St-Louis.
13:07 of 1st period - Shot Misses the Net.
13:10 of 1st period - Shot by Martin St-Louis.
13:10 of 1st period - Shot Misses the Net.
13:10 of 1st period - Minor Penalty to Mattias Ohlund for Delaying the game.
13:11 of 1st period - Alexei Kovalev wins face-off versus Vincent Lecavalier in Canucks zone.
13:37 of 1st period - Minor Penalty to Vincent Lecavalier for Elbowing.
13:38 of 1st period - Brendan Morrison wins face-off versus Vaclav Prospal in Canucks zone.
15:58 of 1st period - Icing by Mattias Ohlund.
15:59 of 1st period - Mike Modano wins face-off versus Marc Chouinard in Canucks zone.
16:24 of 1st period - Shot by Nolan Pratt.
16:24 of 1st period - Stopped by Vesa Toskala without a rebound.
16:25 of 1st period - Brendan Morrison wins face-off versus Mats Sundin in Canucks zone.
16:52 of 1st period - Shot by Mats Sundin.
16:52 of 1st period - Shot Misses the Net.
16:53 of 1st period - Shot by Ruslan Fedotenko.
16:53 of 1st period - Shot Misses the Net.
17:53 of 1st period - Vaclav Prospal is hit by Oleg Kvasha and loses puck.
18:18 of 1st period - Eric Daze is hit by Matt Cooke and loses puck.
18:25 of 1st period - Minor Penalty to Matt Cooke for Diving.
18:26 of 1st period - Brendan Morrison wins face-off versus Mike Modano in Canucks zone.
18:55 of 1st period - Shot by Ruslan Fedotenko.
18:55 of 1st period - Goal by Ruslan Fedotenko - Lightning : 1 - Canucks : 2.
18:56 of 1st period - Brendan Morrison wins face-off versus Mats Sundin in neutral zone.
18:59 of 1st period - Shot by Anson Carter.
18:59 of 1st period - Stopped by Marc Denis without a rebound.
19:00 of 1st period - Mike Modano wins face-off versus Brendan Morrison in Lightning zone.
19:00 of 1st period - Martin St-Louis is hit by Brendan Morrison and loses puck.
19:15 of 1st period - Mark Bell is hit by Martin St-Louis and loses puck.
19:30 of 1st period - Icing by Nolan Pratt.
19:31 of 1st period - Mike Modano wins face-off versus Ryane Clowe in Lightning zone.

Period #2

0:01 of 2nd period - Saku Koivu wins face-off versus Vincent Lecavalier in neutral zone.
0:14 of 2nd period - Shot by Martin St-Louis.
0:14 of 2nd period - Stopped by Vesa Toskala without a rebound.
0:15 of 2nd period - Mats Sundin wins face-off versus Brendan Morrison in Canucks zone.
0:18 of 2nd period - Shot by Ed Jovanovski.
0:18 of 2nd period - Stopped by Vesa Toskala without a rebound.
0:19 of 2nd period - Eric Daze wins face-off versus Bryan Smolinski in Canucks zone.
0:46 of 2nd period - Shot by Mike Modano.
0:46 of 2nd period - Shot Blocked by Eric Weinrich.
0:56 of 2nd period - Minor Penalty to Eric Weinrich for Delaying the game.
0:57 of 2nd period - Mike Modano wins face-off versus Brendan Morrison in Lightning zone.
1:13 of 2nd period - Off-side.
1:14 of 2nd period - Alexei Kovalev wins face-off versus Vincent Lecavalier in neutral zone.
1:33 of 2nd period - Shot by Vincent Lecavalier.
1:33 of 2nd period - Stopped by Vesa Toskala without a rebound.
1:34 of 2nd period - Mike Modano wins face-off versus Brendan Morrison in Canucks zone.
1:37 of 2nd period - Shot by Ruslan Fedotenko.
1:37 of 2nd period - Shot Blocked by Brendan Morrison.
1:40 of 2nd period - Shot by Vaclav Prospal.
1:40 of 2nd period - Shot Misses the Net.
1:41 of 2nd period - Shot by Ed Jovanovski.
1:41 of 2nd period - Shot Blocked by Willie Mitchell.
1:53 of 2nd period - Major Penalty to Tom Poti for Checking from behind.
1:54 of 2nd period - Vaclav Prospal wins face-off versus Alexei Kovalev in Canucks zone.
2:03 of 2nd period - Shot by Vaclav Prospal.
2:03 of 2nd period - Shot Misses the Net.
3:48 of 2nd period - Shot by Alexei Kovalev.
3:48 of 2nd period - Stopped by Marc Denis without a rebound.
3:48 of 2nd period - Major Penalty to Marc Denis for Unsportsmanlike conduct.
3:48 of 2nd period - Marc Denis is ejected from game.
3:48 of 2nd period - Sean Burke enters game.
3:49 of 2nd period - Saku Koivu wins face-off versus Rob DiMaio in Lightning zone.
3:50 of 2nd period - Shot by Alexei Kovalev.
3:50 of 2nd period - Stopped by Sean Burke without a rebound.
3:51 of 2nd period - Rob DiMaio wins face-off versus Saku Koivu in Lightning zone.
4:12 of 2nd period - Shot by Alexei Kovalev.
4:12 of 2nd period - Shot Misses the Net.
5:09 of 2nd period - Shot by Jan Bulis.
5:09 of 2nd period - Stopped by Sean Burke without a rebound.
5:10 of 2nd period - Rob DiMaio wins face-off versus Brendan Morrison in Lightning zone.
7:37 of 2nd period - Shot by Mark Bell.
7:37 of 2nd period - Shot Misses the Net.
7:42 of 2nd period - Shot by Bryan Smolinski.
7:42 of 2nd period - Stopped by Sean Burke without a rebound.
7:43 of 2nd period - Brendan Morrison wins face-off versus Vaclav Prospal in Lightning zone.
7:51 of 2nd period - Icing by Mattias Ohlund.
7:52 of 2nd period - Vaclav Prospal wins face-off versus Brendan Morrison in Canucks zone.
8:47 of 2nd period - Shot by Mark Bell.
8:47 of 2nd period - Shot Misses the Net.
8:52 of 2nd period - Shot by Trevor Linden.
8:52 of 2nd period - Stopped by Sean Burke without a rebound.
8:53 of 2nd period - Marc Chouinard wins face-off versus Mats Sundin in Lightning zone.
9:14 of 2nd period - Shot by Ed Jovanovski.
9:14 of 2nd period - Shot Misses the Net.
9:17 of 2nd period - Shot by Brad Richards.
9:17 of 2nd period - Stopped by Vesa Toskala with a rebound.
9:20 of 2nd period - Shot by Mats Sundin.
9:20 of 2nd period - Stopped by Vesa Toskala without a rebound.
9:21 of 2nd period - Bryan Smolinski wins face-off versus Vincent Lecavalier in Canucks zone.
9:54 of 2nd period - Shot by Vaclav Prospal.
9:54 of 2nd period - Stopped by Vesa Toskala without a rebound.
9:55 of 2nd period - Brendan Morrison wins face-off versus Mike Modano in Canucks zone.
10:14 of 2nd period - Shot by Anson Carter.
10:14 of 2nd period - Shot Misses the Net.
10:15 of 2nd period - Shot by Willie Mitchell.
10:15 of 2nd period - Stopped by Sean Burke without a rebound.
10:16 of 2nd period - Marc Chouinard wins face-off versus Mats Sundin in Lightning zone.
10:16 of 2nd period - Lukas Krajicek is hit by Ruslan Fedotenko and loses puck.
10:21 of 2nd period - Trevor Linden is hit by Ed Jovanovski and loses puck.
11:01 of 2nd period - Shot by Eric Daze.
11:01 of 2nd period - Shot Blocked by Lukas Krajicek.
11:27 of 2nd period - Off-side.
11:28 of 2nd period - Vincent Lecavalier wins face-off versus Brendan Morrison in neutral zone.
11:38 of 2nd period - Martin St-Louis is hit by Nick Boynton and loses puck.
12:07 of 2nd period - Minor Penalty to Brendan Morrison for Interference.
12:07 of 2nd period - Major Penalty to Vaclav Prospal for Checking from behind.
12:08 of 2nd period - Alexei Kovalev wins face-off versus Vincent Lecavalier in Canucks zone.
12:17 of 2nd period - Shot by Alexei Kovalev.
12:17 of 2nd period - Shot Misses the Net.
12:28 of 2nd period - Shot by Vincent Lecavalier.
12:28 of 2nd period - Stopped by Vesa Toskala without a rebound.
12:29 of 2nd period - Martin St-Louis wins face-off versus Alexei Kovalev in Canucks zone.
12:46 of 2nd period - Shot by Ruslan Fedotenko.
12:46 of 2nd period - Shot Blocked by Bryan Smolinski.
13:17 of 2nd period - Shot by Saku Koivu.
13:17 of 2nd period - Shot Hit the Post.
13:20 of 2nd period - Shot by Jan Bulis.
13:20 of 2nd period - Goal by Jan Bulis - Lightning : 1 - Canucks : 3.
13:21 of 2nd period - Vincent Lecavalier wins face-off versus Alexei Kovalev in neutral zone.
13:24 of 2nd period - Shot by Vincent Lecavalier.
13:24 of 2nd period - Stopped by Vesa Toskala with a rebound.
13:49 of 2nd period - Shot by Alexei Kovalev.
13:49 of 2nd period - Shot Blocked by Filip Kuba.
14:09 of 2nd period - Icing by Willie Mitchell.
14:10 of 2nd period - Brendan Morrison wins face-off versus Eric Daze in Canucks zone.
14:29 of 2nd period - Shot by Anson Carter.
14:29 of 2nd period - Stopped by Sean Burke without a rebound.
14:30 of 2nd period - Martin Cibak wins face-off versus Brendan Morrison in Lightning zone.
15:58 of 2nd period - Off-side.
15:59 of 2nd period - Bryan Smolinski wins face-off versus Mike Modano in neutral zone.
17:42 of 2nd period - Shot by Marc Chouinard.
17:42 of 2nd period - Shot Blocked by Ed Jovanovski.
18:07 of 2nd period - Shot by Eric Daze.
18:07 of 2nd period - Stopped by Vesa Toskala without a rebound.
18:08 of 2nd period - Vincent Lecavalier wins face-off versus Saku Koivu in Canucks zone.
18:08 of 2nd period - Minor Penalty to Willie Mitchell for Roughing.
18:09 of 2nd period - Vincent Lecavalier wins face-off versus Brendan Morrison in Canucks zone.
18:12 of 2nd period - Shot by Vincent Lecavalier.
18:12 of 2nd period - Shot Blocked by Lukas Krajicek.
19:13 of 2nd period - Shot by Mike Modano.
19:13 of 2nd period - Stopped by Vesa Toskala without a rebound.
19:14 of 2nd period - Alexei Kovalev wins face-off versus Mike Modano in Canucks zone.

Period #3

0:01 of 3rd period - Alexei Kovalev wins face-off versus Vincent Lecavalier in neutral zone.
0:35 of 3rd period - Icing by Nick Boynton.
0:36 of 3rd period - Brendan Morrison wins face-off versus Vincent Lecavalier in Canucks zone.
0:46 of 3rd period - Brendan Morrison is hit by Vincent Lecavalier and loses puck.
1:27 of 3rd period - Icing by Saku Koivu.
1:28 of 3rd period - Saku Koivu wins face-off versus Mike Modano in Canucks zone.
2:07 of 3rd period - Shot by Eric Daze.
2:07 of 3rd period - Shot Misses the Net.
2:26 of 3rd period - Shot by Mats Sundin.
2:26 of 3rd period - Shot Misses the Net.
2:40 of 3rd period - Icing by Lukas Krajicek.
2:41 of 3rd period - Vincent Lecavalier wins face-off versus Saku Koivu in Canucks zone.
2:46 of 3rd period - Shot by Martin St-Louis.
2:46 of 3rd period - Stopped by Vesa Toskala with a rebound.
2:51 of 3rd period - Shot by Vincent Lecavalier.
2:51 of 3rd period - Shot Misses the Net.
3:04 of 3rd period - Shot by Vaclav Prospal.
3:04 of 3rd period - Stopped by Vesa Toskala without a rebound.
3:05 of 3rd period - Mats Sundin wins face-off versus Matt Cooke in Canucks zone.
3:05 of 3rd period - Ed Jovanovski is hit by Sami Salo and loses puck.
3:13 of 3rd period - Shot by Bryan Smolinski.
3:13 of 3rd period - Stopped by Sean Burke without a rebound.
3:14 of 3rd period - Mike Modano wins face-off versus Brendan Morrison in Lightning zone.
3:22 of 3rd period - Minor Penalty to Willie Mitchell for Boarding.
3:23 of 3rd period - Mike Modano wins face-off versus Brendan Morrison in Canucks zone.
3:45 of 3rd period - Minor Penalty to Ed Jovanovski for Clipping.
3:46 of 3rd period - Brendan Morrison wins face-off versus Vincent Lecavalier in neutral zone.
4:01 of 3rd period - Shot by Brad Richards.
4:01 of 3rd period - Stopped by Vesa Toskala with a rebound.
4:04 of 3rd period - Shot by Vincent Lecavalier.
4:04 of 3rd period - Shot Blocked by Eric Weinrich.
4:05 of 3rd period - Shot by Carlo Colaiacovo.
4:05 of 3rd period - Shot Misses the Net.
4:08 of 3rd period - Shot by Vincent Lecavalier.
4:08 of 3rd period - Goal by Vincent Lecavalier - Lightning : 2 - Canucks : 3.
4:09 of 3rd period - Brendan Morrison wins face-off versus Vaclav Prospal in neutral zone.
4:32 of 3rd period - Shot by Ruslan Fedotenko.
4:32 of 3rd period - Stopped by Vesa Toskala without a rebound.
4:33 of 3rd period - Vincent Lecavalier wins face-off versus Alexei Kovalev in Canucks zone.
4:34 of 3rd period - Shot by Brad Richards.
4:34 of 3rd period - Shot Misses the Net.
5:01 of 3rd period - Shot by Mark Bell.
5:01 of 3rd period - Stopped by Sean Burke without a rebound.
5:02 of 3rd period - Brendan Morrison wins face-off versus Vaclav Prospal in Lightning zone.
5:15 of 3rd period - Shot by Brendan Morrison.
5:15 of 3rd period - Shot Misses the Net.
5:20 of 3rd period - Shot by Bryan Smolinski.
5:20 of 3rd period - Shot Blocked by Carlo Colaiacovo.
5:21 of 3rd period - Shot by Nick Boynton.
5:21 of 3rd period - Stopped by Sean Burke with a rebound.
5:22 of 3rd period - Shot by Sami Salo.
5:22 of 3rd period - Shot Blocked by Martin St-Louis.
5:27 of 3rd period - Shot by Jan Bulis.
5:27 of 3rd period - Shot Misses the Net.
5:56 of 3rd period - Shot by Mike Modano.
5:56 of 3rd period - Shot Misses the Net.
6:03 of 3rd period - Shot by Dmitry Afanasenkov.
6:03 of 3rd period - Shot Blocked by Lukas Krajicek.
6:06 of 3rd period - Shot by Mike Modano.
6:06 of 3rd period - Shot Misses the Net.
6:09 of 3rd period - Shot by Eric Daze.
6:09 of 3rd period - Stopped by Vesa Toskala without a rebound.
6:10 of 3rd period - Bryan Smolinski wins face-off versus Mats Sundin in Canucks zone.
7:06 of 3rd period - Minor Penalty to Lukas Krajicek for Interference.
7:07 of 3rd period - Brendan Morrison wins face-off versus Brad Richards in Canucks zone.
7:13 of 3rd period - Icing by Wade Redden.
7:14 of 3rd period - Brendan Morrison wins face-off versus Vincent Lecavalier in Lightning zone.
8:10 of 3rd period - Off-side.
8:11 of 3rd period - Alexei Kovalev wins face-off versus Mike Modano in neutral zone.
9:08 of 3rd period - Shot by Brad Richards.
9:08 of 3rd period - Goal by Brad Richards - Lightning : 3 - Canucks : 3.
9:09 of 3rd period - Marc Chouinard wins face-off versus Vincent Lecavalier in neutral zone.
9:28 of 3rd period - Shot by Martin St-Louis.
9:28 of 3rd period - Stopped by Vesa Toskala with a rebound.
10:34 of 3rd period - Icing by Willie Mitchell.
10:35 of 3rd period - Ruslan Fedotenko wins face-off versus Brendan Morrison in Canucks zone.
11:43 of 3rd period - Bryan Smolinski is hit by Vincent Lecavalier and loses puck.
11:47 of 3rd period - Shot by Bryan Smolinski.
11:47 of 3rd period - Stopped by Sean Burke without a rebound.
11:48 of 3rd period - Mike Modano wins face-off versus Bryan Smolinski in Lightning zone.
13:31 of 3rd period - Shot by Brendan Morrison.
13:31 of 3rd period - Shot Blocked by Tom Poti.
13:43 of 3rd period - Icing by Vincent Lecavalier.
13:44 of 3rd period - Marc Chouinard wins face-off versus Vincent Lecavalier in Lightning zone.
14:29 of 3rd period - Shot by Matt Cooke.
14:29 of 3rd period - Shot Blocked by Tom Poti.
15:59 of 3rd period - Icing by Eric Daze.
16:00 of 3rd period - Saku Koivu wins face-off versus Mike Modano in Lightning zone.
16:09 of 3rd period - Shot by Saku Koivu.
16:09 of 3rd period - Shot Misses the Net.
16:10 of 3rd period - Shot by Lukas Krajicek.
16:10 of 3rd period - Stopped by Sean Burke without a rebound.
16:11 of 3rd period - Trevor Linden wins face-off versus Mats Sundin in Lightning zone.
17:34 of 3rd period - Shot by Bryan Smolinski.
17:34 of 3rd period - Stopped by Sean Burke without a rebound.
17:35 of 3rd period - Saku Koivu wins face-off versus Mats Sundin in Lightning zone.
17:49 of 3rd period - Icing by Ed Jovanovski.
17:50 of 3rd period - Oleg Kvasha wins face-off versus Mats Sundin in Lightning zone.
17:51 of 3rd period - Shot by Matt Cooke.
17:51 of 3rd period - Shot Blocked by Ed Jovanovski.
18:50 of 3rd period - Shot by Nick Boynton.
18:50 of 3rd period - Shot Misses the Net.
18:54 of 3rd period - Icing by Vaclav Prospal.
18:55 of 3rd period - Vincent Lecavalier wins face-off versus Saku Koivu in Lightning zone.
19:05 of 3rd period - Icing by Lukas Krajicek.
19:06 of 3rd period - Mats Sundin wins face-off versus Saku Koivu in Canucks zone.
19:15 of 3rd period - Shot by Ruslan Fedotenko.
19:15 of 3rd period - Shot Misses the Net.
19:20 of 3rd period - Shot by Lukas Krajicek.
19:20 of 3rd period - Shot Blocked by Carlo Colaiacovo.
19:23 of 3rd period - Shot by Alexei Kovalev.
19:23 of 3rd period - Shot Misses the Net.
19:24 of 3rd period - Shot by Jan Bulis.
19:24 of 3rd period - Stopped by Sean Burke with a rebound.
19:27 of 3rd period - Shot by Jan Bulis.
19:27 of 3rd period - Goal by Jan Bulis - Lightning : 3 - Canucks : 4.
19:28 of 3rd period - Bryan Smolinski wins face-off versus Mike Modano in neutral zone.
19:41 of 3rd period - Shot by Oleg Kvasha.
19:41 of 3rd period - Stopped by Sean Burke without a rebound.
19:42 of 3rd period - Mike Modano wins face-off versus Brendan Morrison in Lightning zone.
19:47 of 3rd period - Lightning,Sean Burke is pulled from the net.
19:57 of 3rd period - Shot by Mike Modano.
19:57 of 3rd period - Shot Misses the Net.


Output by the SimonT Hockey Simulator (STHS) for Stephane Roy -- Original Page W3C XHTML 1.0 Valid